 Dungeon Crawl Stone Soup version 0.27-a0-1308-gc08437e49b (webtiles) character file.

Game seed: 801811078839679206

179 Demosthentine the Poker (level 5, -1/41 HPs)
             Began as a Merfolk Gladiator on June 19, 2021.
             Was an Initiate of Elyvilon.
             Killed by divine providence
             ... invoked by an orc priest
              (14 damage)
             ... on level 3 of the Dungeon.
             The game lasted 00:02:38 (3308 turns).

Demosthentine the Poker (Merfolk Gladiator)         Turns: 3308, Time: 00:02:38

Health: -1/41      AC:  4    Str: 15    XL:     5   Next: 59%
Magic:  5/5        EV: 14    Int:  8    God:    Elyvilon [......]
Gold:   155        SH:  0    Dex: 15    Spells: 4/4 levels left

rFire    . . .     SeeInvis .   a - +0 trident
rCold    . . .     Faith    .   (no shield)
rNeg     . . .     Spirit   .   b - +0 leather armour
rPois    .         Reflect  .   c - +0 helmet
rElec    .         Harm     .   (no cloak)
rCorr    .         Rampage  .   (no gloves)
Will     .....                  (no boots)
Stlth    +.........             (no amulet)
HPRegen  0.13/turn              (no ring)
MPRegen  0.09/turn              (no ring)

@: no status effects
A: (nimble swimmer 2), mertail
a: Renounce Religion


You were on level 3 of the Dungeon.
You worshipped Elyvilon.
Elyvilon was noncommittal.
You visited 1 branch of the dungeon, and saw 3 of its levels.

You collected 155 gold pieces.

Inventory:

Hand Weapons
 a - a +0 trident (weapon)
Missiles
 d - 3 throwing nets (quivered)
Armour
 b - a +0 leather armour (worn)
 c - a +0 helmet (worn)
Jewellery
 j - a ring of flight
Potions
 f - a potion of invisibility
 i - a potion of heal wounds


   Skills:
 + Level 3.6 Fighting
 + Level 5.8 Polearms
 - Level 2.0 Throwing
 + Level 1.6 Armour
 + Level 5.2 Dodging


You had 4 spell levels left.
You didn't know any spells.
Your spell library was empty.

Dungeon Overview and Level Annotations

Branches:
Dungeon (3/15)

Altars:
Elyvilon

Shops:
D:1 =


Innate Abilities, Weirdness & Mutations

((You are quick and stealthy near water. (Stealth+, EV+, Speed+++)))
Your lower body shifts to a powerful aquatic tail in water.


Message History

The orc wizard casts a spell at you.
You are confused.
You are too confused!
You bump into the rock wall.
The orc wizard hits you with a +0 dagger.
A hobgoblin comes into view. It is wielding a +0 dagger.
You bump into the rock wall.
The hobgoblin shouts!
The orc wizard gestures wildly while chanting.
The orc wizard flickers and vanishes!
Deactivating autopickup; reactivate with Ctrl-A.
You're too confused to move!
Something hits you.
You miss something. Something hits you but does no damage.
You completely miss something. Something hits you.
You barely miss something.
You hear some strange, mumbled words.
A magic dart appears from out of thin air!
The magic dart hits you.
You bump into the rock wall.
You feel less confused. Something hits you.
The orc priest calls upon Beogh to heal the orc.
The orc is healed somewhat.
You hit something. Something hits you but does no damage.
You hit something but do no damage. Something hits you but does no damage.
You puncture something!
Reactivating autopickup.
You feel a bit more experienced.
The orc priest mumbles some strange prayers to Beogh against you.
Beogh smites you!
You puncture the orc!
You kill the orc!
The orc closely misses you.
Items here: ( ))) [[ †††.
You hit the orc.
The orc is almost dead.
The orc closely misses you.
The orc priest calls down the wrath of Beogh upon you.
Beogh smites you!
You die...

#####
#...#######
#......@oo#
#...#####g.....
##.## ###.# #.#
#.# ####.######
#.........#
#.##....#.#
#.#.......+ ###
#######


You could see an orc priest, an orc and a hobgoblin.

Vanquished Creatures
  An orc wizard (D:3)
  5 gnolls
  3 adders (D:2)
  2 worms (D:3)
  2 dart slugs
  2 orcs (D:3)
  8 ball pythons
  5 endoplasms
  6 giant cockroaches
  3 hobgoblins
  6 jackals (D:1)
  8 kobolds
  5 quokkas
  A bat (D:3)
  3 frilled lizards (D:1)
  5 goblins
65 creatures vanquished.

Notes
Turn   | Place    | Note
-------+----------+-------------------------------------------
     0 | D:1      | Demosthentine the Merfolk Gladiator began the quest for the
                  | Orb.
     0 | D:1      | Reached XP level 1. HP: 16/16 MP: 1/1
   149 | D:1      | Reached XP level 2. HP: 11/23 MP: 2/2
   419 | D:1      | Found Wichedo's Jewellery Emporium.
   577 | D:1      | Reached XP level 3. HP: 27/28 MP: 3/3
   971 | D:1      | Reached skill level 5 in Polearms
  1129 | D:1      | Reached skill level 1 in Armour
  1660 | D:2      | Reached XP level 4. HP: 29/35 MP: 4/4
  2054 | D:2      | Found a white marble altar of Elyvilon.
  2131 | D:2      | Became a worshipper of Elyvilon the Healer
  2327 | D:2      | Found a faded altar of an unknown god.
  2559 | D:2      | Reached skill level 5 in Dodging
  2559 | D:2      | Reached XP level 5. HP: 24/41 MP: 5/5
  3308 | D:3      | Killed from afar by an orc priest

Illustrated notes

Levels and vault maps discovered:
D:1:      lemuel_arrival_cross, layout_basic, serial_shops, shop,
          grunt_decor_one_mirror, minmay_tromino_i2
D:2:      layout_loops_ring, basic_altar, ebering_ecumenical_altar_rust
D:3:      layout_loops_corners, kennysheep_big_empty_room, solitary_fountain,
          minmay_misc_feat_rugged

Skill      XL: |  1  2  3  4 |
---------------+-------------+-----
Polearms       | 5 |  5.8
Fighting       | 3 |  3.6
Armour         | 1 |  1.6
Dodging        | 5 |  5.2
Throwing       | |  2.0

Action                   |  1- 3 |  4- 6 || total
-------------------------+-------+-------++-------
Melee: Trident           |   134 |   104 ||   238
  Use: Scroll            |     1 |     5 ||     6
 Stab: Sleeping          |     2 |     2 ||     4
Armor: Leather armour    |    33 |    18 ||    51
Dodge: Dodged            |    63 |    57 ||   120

Table legend: (Time is in decaauts)
 A = Elapsed time spent in this place.
 B = Non-inter-level travel time spent in this place.
 C = Inter-level travel time spent in this place.
 D = Time resting spent in this place.
 E = Time spent auto-exploring this place.
 F = Levels seen in this place.
 G = Mean time per level.
                   A        B        C        D        E       F      G
               +--------+--------+--------+--------+--------+-----+--------+
         Total |   3319 |   3273 |     46 |     27 |   2725 |   3 | 1106.3 |
       Dungeon |   3319 |   3273 |     46 |     27 |   2725 |   3 | 1106.3 |
               +--------+--------+--------+--------+--------+-----+--------+

Top non-repeatable levels by time:
     D:1: 1636 daAuts
     D:2: 1278 daAuts
     D:3: 405 daAuts
